cohdb
Replays
Latest Replays
All Replays
Popular Replays
Top Player Replays
Match Explorer
How It Works
Community
CoH3 Stats
Reddit
Sign in to upload your games and track your stats! →
Sign in with Steam
Match 45761204
Unlisted
Match 45761204
Overview
Messages
Build Orders
End
Vickers Machine Gun Team
Construct Section Command Post
Infantry Section
Dingo Light Scout Car
Infantry Section
Construct Platoon Command Post
6-pounder Anti-tank Gun Team
Selects Heavy Armor Battlegroup
Selects Rigorous Vehicle Training
Selects Light Vehicle Withdraw and Refit
Selects UNKNOWN (202330)
Royal Engineer Section
Construct Company Command Post
Crusader AA Medium Tank
Foot Guards Section
Royal Engineer Section
Selects Forward Repair Assembly
Unlock M3 Grant Medium Tanks
Armored Vehicle Training
Grenade Package
Royal Engineer Section
M3 Grant Medium Tank
Selects Churchill Black Prince Heavy Tank
Selects Recon Artillery
Recon Artillery
Olg
yesman55
rocketpossum
Drink||Chouchen
histrej
gentle ben
0
0
Comments
sign in to comment!
No comments posted yet!